 Dungeon Crawl Stone Soup version 0.20-a0-537-g052e6ba (webtiles) character file.

19 M4edhros the Grave Robber (level 2, -3/17 HPs)
             Began as an Octopode Necromancer on Jan 28, 2017.
             Slain by a leopard gecko (4 damage)
             ... on level 2 of the Dungeon.
             The game lasted 00:01:24 (291 turns).

M4edhros the Grave Robber (Octopode Necromancer)     Turns: 291, Time: 00:01:24

Health: -3/17      AC:  1    Str:  7    XL:     2   Next: 75%
Magic:  0/5        EV: 13    Int: 17    God:
Gold:   25         SH:  0    Dex: 12    Spells: 3/5 levels left

rFire    . . .     SeeInvis .   d - +4 whip
rCold    . . .     Gourm    .   (no shield)
rNeg     . . .     Faith    .   (helmet restricted)
rPois    .         Spirit   .   (no amulet)
rElec    .         Reflect  .   (no ring)
rCorr    .         Harm     .   (no ring)
MR       .....                  (no ring)
Stlth    +++.......             (no ring)
Regen    0.1/turn               (no ring)
                                (no ring)
                                (no ring)
                                (no ring)

@: very slightly contaminated
A: almost no armour, stealthy swim, amphibious, 8 rings, constrict 8, camouflage
1, gelatinous body 1
a: no special abilities


You were on level 2 of the Dungeon.
You were not hungry.

You visited 1 branch of the dungeon, and saw 3 of its levels.

You collected 25 gold pieces.

Inventory:

Hand Weapons
 d - a +4 whip (weapon)
 e - a +0 hunting sling
Missiles
 c - 51 stones (quivered)
Books
 a - a book of Necromancy

   Spells                             Type                      Level
   a - Pain                           Necromancy                   1
   b - Animate Skeleton               Necromancy                   1
   c - Vampiric Draining              Necromancy                   3
   d - Regeneration                   Charms/Necromancy            3
   e - Animate Dead                   Necromancy                   4
   f - Control Undead                 Necromancy                   4
Comestibles
 b - a bread ration
 f - a fruit


   Skills:
 - Level 2.0 Dodging
 - Level 2.6 Stealth
 + Level 2.2 Unarmed Combat
 - Level 2.0 Spellcasting
 - Level 4.0 Necromancy


You had 3 spell levels left.
You knew the following spells:

 Your Spells              Type           Power        Failure   Level  Hunger
a - Pain                  Necr           ###.         3%          1    #......
b - Animate Skeleton      Necr           N/A          3%          1    #......


Dungeon Overview and Level Annotations

Branches:
Dungeon (3/15)

Altars:
Xom
Zin

Annotations:
D:3 M4edhros's ghost, weakling OpNe


Innate Abilities, Weirdness & Mutations

You cannot wear most types of armour.
You are very stealthy in the water. (Stealth+)
You are amphibious.
You can wear up to eight rings at the same time.
You can use your tentacles to constrict eight enemies at once.
Your skin changes colour to match your surroundings (Stealth+).
Your rubbery body absorbs attacks. (AC +1, EV +1)


Message History

Casting: Pain
Confirm with . or Enter, or press ? or * to list all spells.
Aiming: Pain
Press: ? - help, Shift-Dir - straight line, f - leopard gecko
Aim: a leopard gecko (clinging, chance to defeat MR: 85%)
You miscast Pain.
You are very lightly contaminated with residual magic.
Nothing appears to happen.
You aren't carrying any potions.
Casting: Pain
Confirm with . or Enter, or press ? or * to list all spells.
Aiming: Pain
Press: ? - help, Shift-Dir - straight line, f/p - leopard gecko
Aim: a leopard gecko (chance to defeat MR: 85%)
The leopard gecko writhes in agony!
You hit the leopard gecko. You grab the leopard gecko.
The leopard gecko is almost dead.
You constrict the leopard gecko, but do no damage.
The leopard gecko bites you.
You die...

..# #.# ##### #####.# #.#
#### .....#...#.# #.# #...
#.#.#...#.######.# #.##
#.#...)............####.##
+....$....................
#....#...........)........
#.# ###.l#.####.#.####)#.
#.@#.# #.#.# #.#.
........#.. ..... #.#.
........#.####.######.#.
.#>###..#.. ........... #
#..#.# ##.######..# ##.#
#.# ###..# #... #.# #.....
.# #...# #.# #..... ##.#
#...# #.# #..)††


You could see a leopard gecko.

Vanquished Creatures
  An adder (D:3)
  2 goblins (D:2)
  A hobgoblin (D:1)
  2 kobolds (D:2)
  A bat (D:1)
  2 frilled lizards (D:2)
  2 rats (D:2)
11 creatures vanquished.

Notes
Turn   | Place    | Note
-------+----------+-------------------------------------------
     0 | D:1      | M4edhros the Octopode Necromancer began the quest for the Orb.
     0 | D:1      | Reached XP level 1. HP: 11/11 MP: 3/3
    91 | D:3      | Reached skill level 1 in Unarmed Combat
    91 | D:3      | Reached XP level 2. HP: 7/17 MP: 0/5
    95 | D:3      | Learned a level 1 spell: Animate Skeleton
   102 | D:3      | Noticed M4edhros's ghost (weakling OpNe)
   114 | D:2      | Found a shimmering altar of Xom.
   115 | D:2      | Noticed an angel
   115 | D:2      | Found a glowing silver altar of Zin.
   291 | D:2      | Slain by a leopard gecko

Vault maps used:
D:1:      zaba_arrival_water
D:2:      grunt_temple_overflow_order_and_chaos_1
D:3:      grunt_temple_overflow_open, minmay_surrounded

Skill      XL: |  1  2 |
---------------+-------+-----
Unarmed Combat | 1 2 |  2.2
Dodging        | |  2.0
Stealth        | |  2.6
Spellcasting   | |  2.0
Necromancy     | |  4.0

Action                   || total
-------------------------++-------
Melee: Unarmed           ||     4
       Whip              ||     1
       Constrict         ||     1
       Tentacles         ||     1
 Cast: Pain              ||    18
       Animate Skeleton  ||     1
Armor: Skin              ||     1
Dodge: Dodged            ||     6
